AoeStats
← taiwan180

African Clearing

510801677Analyzed
4v4 RM · 1d ago on Oct 2, 2026· 56m 47s· 8 players
Game mode
Random Map
Map size
Large (8 player)
Population
200
Speed
Normal
Resources
Standard
Victory
Conquest
Starting age
Dark Age
Ending age
Imperial Age
RankedLock teamsTeams togetherTeam positionsShared explorationLock speedFull tech treeHidden civsTurbo modeCheats
Victory
Defeat
🇦🇷 Khmer · Argentina
1211
+13
🇳🇱 Hindustanis · Netherlands
1070
+19
🇩🇪 Maya · Germany
1062
+19
🇹🇼 Vietnamese · Taiwan
1057
+20
🇹🇷 Byzantines · Türkiye
1187
-20
🇨🇴 Malians · Colombia
1131
-17
🇧🇷 Goths · Brazil
1130
-17
🇬🇧 Britons · United Kingdom
1123
-17
FormulaHawk8575
3:40 Loom
14:10 Feudal Age
15:08 Double-Bit Axe
18:15 Castle Age
18:00 Horse Collar
19:20 Bow Saw
24:36 Wheelbarrow
24:18 Town Watch
29:02 Hand Cart
29:37 Gold Mining
29:37 Stone Mining
32:56 Imperial Age
31:02 Squires
30:26 Man-at-Arms
31:14 Heavy Plow
31:41 Scale Mail Armor
31:54 Forging
33:00 Gold Shaft Mining
32:16 Arson
32:15 Pikeman
32:35 Long Swordsman
33:35 Chain Mail Armor
33:19 Two-Handed Swordsman
35:15 Plate Mail Armor
34:44 Capped Ram
35:37 Champion
37:30 Iron Casting
44:14 Fletching
50:09 Crop Rotation
50:05 Elite Gbeto
yenese
3:52 Loom
13:50 Feudal Age
22:39 Castle Age
21:19 Fletching
21:32 Scale Mail Armor
22:47 Double-Bit Axe
25:25 Chain Mail Armor
trenchard50
6:11 Loom
13:11 Feudal Age
13:45 Double-Bit Axe
20:37 Castle Age
19:04 Fletching
21:01 Horse Collar
21:38 Crossbowman
taiwan180
4:03 Loom
15:00 Feudal Age
17:02 Double-Bit Axe
19:44 Castle Age
20:35 Scale Mail Armor
20:42 Squires
21:55 Chain Mail Armor
22:46 Gold Mining
29:40 Forging
31:35 Horse Collar
32:01 Pikeman
40:56 Fletching
51:20 Heavy Plow
52:52 Wheelbarrow
52:03 Town Watch
Cast
4:33 Loom
13:10 Feudal Age
17:53 Castle Age
16:38 Double-Bit Axe
16:35 Horse Collar
20:43 Bow Saw
26:21 Scale Mail Armor
26:50 Man-at-Arms
29:33 Scale Barding Armor
29:40 Forging
29:53 Long Swordsman
31:48 Heavy Plow
35:28 Ballistics
35:40 Fletching
37:28 Wheelbarrow
38:21 Squires
43:30 Wheelbarrow
42:41 Town Watch
43:44 Gold Mining
52:09 Imperial Age
51:04 Arson
54:31 Heavy Camel Rider
55:54 Bloodlines
55:46 Husbandry
56:07 Chain Barding Armor
56:23 Iron Casting
bad_dwarf
3:25 Loom
13:50 Feudal Age
24:44 Castle Age
22:39 Stone Mining
22:39 Gold Mining
25:28 Fletching
25:51 Forging
25:42 Scale Mail Armor
26:20 Bodkin Arrow
27:01 Squires
32:07 Wheelbarrow
31:17 Town Watch
35:31 Stone Shaft Mining
39:26 Imperial Age
36:59 Double-Bit Axe
36:57 Horse Collar
38:36 Iron Casting
38:17 Chain Mail Armor
37:53 Eagle Warrior
38:19 Arson
40:17 Bow Saw
40:12 Heavy Plow
41:27 Blast Furnace
40:42 Chain Mail Armor
43:08 Chain Mail Armor
44:50 Holcans
45:36 Man-at-Arms
46:26 Elite Eagle Warrior
47:26 Long Swordsman
49:07 Arson
54:08 Hand Cart
53:54 Town Patrol
3345678
8:01 Loom
13:19 Feudal Age
19:31 Castle Age
18:06 Double-Bit Axe
22:45 Bow Saw
23:25 Gold Mining
24:32 Thumb Ring
23:47 Elite Skirmisher
24:36 Thumb Ring
27:15 Wheelbarrow
26:39 Stone Mining
29:13 Elite Skirmisher
29:59 Thumb Ring
30:18 Padded Archer Armor
30:14 Fletching
32:26 Hand Cart
34:34 Bodkin Arrow
34:54 Leather Archer Armor
38:00 Imperial Age
36:48 Man-at-Arms
40:00 Long Swordsman
41:35 Scale Mail Armor
41:45 Forging
41:36 Scale Mail Armor
43:54 Two-Handed Swordsman
45:11 Champion
50:35 Iron Casting
50:15 Chain Mail Armor
50:35 Iron Casting
50:15 Chain Mail Armor
50:16 Town Watch
51:56 Chain Mail Armor
54:24 Plate Mail Armor
Rodro JETS
4:46 Loom
14:31 Feudal Age
17:59 Castle Age
15:51 Double-Bit Axe
17:14 Horse Collar
18:11 Bloodlines
18:46 Husbandry
19:56 Scale Barding Armor
24:31 Town Watch
30:11 Wheelbarrow
29:48 Fishing Lines
31:53 Hand Cart
34:22 Gold Mining
34:54 Forging
35:05 Chain Barding Armor
40:41 Imperial Age
40:16 Fletching
41:01 Iron Casting
40:47 Light Cavalry
41:33 Cavalier
42:31 Hussar
43:40 Bodkin Arrow
43:47 Padded Archer Armor
54:32 Bracer
57:32 Conscription
Connection lost

Rejoining the realm…

Still unreachable

The connection could not be restored.

Session expired

The server has moved on; the page needs a fresh start.